[Event "*** Biggest EVER Titled Tuesday"]
[Site "Chess.com"]
[Date "2018.04.17"]
[Round "4"]
[White "nikitakhoroshev"]
[Black "Journey_to_GrandMaster_YT"]
[Result "1-0"]
[WhiteElo "2505"]
[BlackElo "2378"]
[TimeControl "180+2"]
[EndTime "13:53:34 PDT"]
[Termination "nikitakhoroshev won by resignation"]

1. d4 d5 2. Nc3 c5 3. Nf3 Nc6 4. Bf4 Nf6 5. e3 Nh5 6. Bg5 h6 7. Bh4 g5 8. Bg3 cxd4 9. Be5 Nxe5 10. Nxe5 Nf6 11. Bb5+ Nd7 12. Qxd4 Bg7 13. Qxd5 Bxe5 14. Qxe5 O-O 15. Qd4 a6 16. Bc4 b5 17. Bd5 Rb8 18.
O-O Nf6 19. Rad1 Bf5 20. e4 Bg6 21. f4 b4 22. Ne2 Nxd5 23. exd5 Bxc2 24. Rc1 Bg6 25. f5 Bh7 26. Rc6 Rb5 27. Rd1 Bxf5 28. Rxh6 f6 29. h4 e6 30. dxe6 Qxd4+ 31. Nxd4 Re5 32. e7 Re8 33. Rxf6 Bg4 34. Rc1 gxh4 35. Rg6+ Kf7 36. Rxg4 h3 37. Rf1+ Kxe7 38. Nc6+ Kd6 39. Nxe5 Rxe5 40. Rd1+ Kc5 41. gxh3 Re2 42. Rg5+ Kb6 43.
Rg6+ Ka5 44. a3 Rxb2 45. Rd5+ Ka4 46. Rxa6+ Kb3 47. axb4 Rb1+ 48. Kg2 Rb2+ 49. Kg3 1-0

[Event "*** Biggest EVER Titled Tuesday"]
[Site "Chess.com"]
[Date "2018.04.17"]
[Round "4"]
[White "GameOverBro"]
[Black "Marcus_Harvey"]
[Result "0-1"]
[WhiteElo "2446"]
[BlackElo "2627"]
[TimeControl "180+2"]
[EndTime "13:53:42 PDT"]
[Termination "Marcus_Harvey won by resignation"]

1. e4 e6 2. d4 d5 3. Nd2 a6 4.
Ngf3 Nf6 5. e5 Nfd7 6. Bd3 c5 7. c3 Nc6 8. O-O g5 9. dxc5 Nxc5 10.
Nb3 g4 11. Nxc5 gxf3 12. Nb3 Nxe5 13. Re1 Qf6 14. Nd4 fxg2 15. f4 Nxd3 16. Qxd3 Bd6 17. Nf5 Bc5+ 18. Be3 Qxf5 19. Qxf5 exf5 20. Bxc5+ Be6 21.
Kxg2 Rg8+ 22. Kf2 Rg4 23. Be3 Kd7 24. Rg1 a5 25. h3 Rg6 26. Rg5 a4 27. a3 Ra5 28.
Rag1 Rb5 29. Bc1 Kd6 30. h4 d4 31. cxd4 Kd5 32. h5 Rxg5 33. Rxg5 Ke4 34. Rg7 h6 35. Rh7 Rb3 36. Rxh6 Rf3+ 37. Kg2 Rd3 38. Kf2 Rd1 39. Be3 Rb1 40. d5 Bxd5 41. Rd6 Rxb2+ 42. Kg3 Rb3 43. Kf2 Rxe3 44. Rxd5 Rxa3 45. Rb5 Kxf4 46. Rxb7 Ra2+ 47. Kf1 Kf3 48. Kg1 f4 49. h6 Rg2+ 50. Kh1 Rg6 51. Rxf7 Rxh6+ 52. Kg1 Ra6 53. Rc7 a3 54.
Rc1 a2 55. Ra1 Kg3 56. Kf1 f3 57. Kg1 Ra5 58. Kh1 Rh5+ 59. Kg1 f2+ 60. Kf1 Rh1+ 61. Ke2 Rxa1 0-1

[Event "*** Biggest EVER Titled Tuesday"]
[Site "Chess.com"]
[Date "2018.04.17"]
[Round "4"]
[White "MrRooke6"]
[Black "Keaton87"]
[Result "1-0"]
[WhiteElo "2411"]
[BlackElo "2438"]
[TimeControl "180+2"]
[EndTime "13:53:45 PDT"]
[Termination "MrRooke6 won by resignation"]

1. e4 c5 2. Nf3 d6 3. d4 Nf6 4. Nc3 cxd4 5. Nxd4 g6 6. Be3 Bg7 7. f3 O-O 8. Qd2 Nc6 9. Bc4 Bd7 10. O-O-O Rc8 11.
Bb3 Nxd4 12. Bxd4 b5 13. Nd5 Nxd5 14. Bxg7 Kxg7 15. exd5 a5 16. a3 Rc5 17. h4 b4 18.
axb4 axb4 19. Qd4+ Kg8 20. h5 Bf5 21. hxg6 Bxg6 22.
Kd2 Qc7 23. Ke3 Rc8 24. Rd2 Qd7 25. g4 f6 26. Rc1 Qb7 27. Kf2 Qa7 28. Kg3 R5c7 29.
Qxb4 Qe3 30. Qf4 Qb6 31. Re2 Rb8 32. Qd2 Qa7 33. f4 Rb5 34. f5 Bf7 35. Rce1 Qa5 36. Qxa5 Rxa5 37. Rxe7 Rxe7 38. Rxe7 Bxd5 39. Re8+ Kf7 40.
Ra8 Rb5 41. Ra7+ Kg8 42. Bxd5+ Rxd5 43. b4 Rd4 44. Rb7 Rc4 45. Rb6 Rxc2 46. Rxd6 Kg7 47. Rd7+ Kg8 48. Rb7 Rc4 49. b5 Rb4 50. b6 Kf8 51. Rb8+ Ke7 52. b7 Kd6 53. Rd8+ Kc7 54. b8=Q+ Rxb8 55. Rxb8 Kxb8 56. g5 1-0

[Event "*** Biggest EVER Titled Tuesday"]
[Site "Chess.com"]
[Date "2018.04.17"]
[Round "4"]
[White "DryCounty"]
[Black "Margency"]
[Result "0-1"]
[WhiteElo "2519"]
[BlackElo "2554"]
[TimeControl "180+2"]
[EndTime "13:53:48 PDT"]
[Termination "Margency won by resignation"]

1. e4 c5 2. Nf3 d6 3. c3 Nf6 4. Be2 Bd7 5. e5 dxe5 6. Nxe5 Nc6 7. Nxd7 Qxd7 8. d3 e6 9. O-O Be7 10. Be3 O-O 11. Na3 Rad8 12. Qc2 Nd5 13. Bd2 Bf6 14. Rad1 Rfe8 15. Bc1 a6 16. Nc4 b5 17. Ne3 Nf4 18.
Ng4 Nxe2+ 19. Qxe2 Be7 20. f4 Qd5 21. Ne3 Qxa2 22. Qf3 Na5 23. f5 Bf8 24. f6 g6 25.
Ng4 Qd5 26. Qf4 e5 27. Qg5 Nb3 28. Rf3 Nxc1 29. Rxc1 e4 30. Nh6+ Kh8 31. dxe4 Rxe4 32. Rcf1 Qe6 33. Rh3 Rd5 34. Nf5 Rxf5 35. Rxf5 Qxf5 36.
Qxf5 gxf5 37. Rd3 Kg8 38. Rd5 c4 39. Rxf5 h6 40. h3 Kh7 41. g4 Kg6 42. Kg2 Re6 43. Rd5 Rxf6 44. Kg3 Rd6 45. Rf5 Rd2 46. h4 f6 47. h5+ Kf7 48. Rf3 Bd6+ 49. Kh4 Rh2+ 50. Rh3 Rxh3+ 51. Kxh3 a5 0-1

[Event "*** Biggest EVER Titled Tuesday"]
[Site "Chess.com"]
[Date "2018.04.17"]
[Round "4"]
[White "Fins0905"]
[Black "chegueps"]
[Result "0-1"]
[WhiteElo "2515"]
[BlackElo "2278"]
[TimeControl "180+2"]
[EndTime "13:53:50 PDT"]
[Termination "chegueps won by resignation"]

1. d4 d6 2. Nf3 g6 3. Bg5 Bg7 4. Nbd2 Nd7 5. e3 c5 6. c3 a6 7. Bd3 Ngf6 8. O-O O-O 9. e4 Ne8 10. Re1 Nc7 11. Bh4 b5 12. d5 c4 13. Bc2 Nc5 14. Nd4 Bd7 15. N2f3 Re8 16. h3 Qb8 17. Bg3 Qb6 18. Qd2 a5 19. h4 h5 20. e5 Nxd5 21. e6 Nxe6 22. Nxe6 Bxe6 23. Rxe6 fxe6 24. Bxg6 Rf8 25. Qg5 Nf6 26. Nd4 d5 27. Re1 Ne4 28.
Qxh5 Rf6 29. Qh7+ Kf8 30. Bxe4 dxe4 31. Qxe4 Re8 32. Nxe6+ Rxe6 33. Qxe6 Qxe6 34. Rxe6 Rd8 35. Rb6 Rd1+ 36. Kh2 b4 37. Rc6 Rd2 38. cxb4 axb4 39.
Rxc4 Rxb2 40. f3 Bc3 41. Rc8+ Kf7 42. Ra8 Rb1 43. h5 Ra1 44. h6 b3 45. h7 bxa2 46. h8=Q Bxh8 47. Rxh8 Rh1+ 48. Kxh1 a1=Q+ 0-1

[Event "*** Biggest EVER Titled Tuesday"]
[Site "Chess.com"]
[Date "2018.04.17"]
[Round "4"]
[White "Raffael89"]
[Black "gmtalentoso"]
[Result "1-0"]
[WhiteElo "2133"]
[BlackElo "2158"]
[TimeControl "180+2"]
[EndTime "13:53:51 PDT"]
[Termination "Raffael89 won by checkmate"]

1. e4 c5 2. Nc3 Nc6 3. f4 g6 4.
Nf3 Bg7 5. Bb5 Nd4 6. O-O Nxb5 7. Nxb5 Nf6 8. d3 d6 9. Qe1 Bg4 10. Kh1 O-O 11. Qh4 Bxf3 12. Rxf3 e6 13. Rh3 a6 14.
Nc3 Nh5 15. Qf2 Bd4 16. Be3 Qf6 17. g4 Bxe3 18. Qxe3 Nxf4 19. Rf3 e5 20. Ne2 g5 21.
Ng3 Rac8 22. c4 b5 23. b3 bxc4 24. dxc4 a5 25. Rd1 a4 26. Nf5 axb3 27. axb3 Rfd8 28. Rf2 Ra8 29. Rfd2 Ra6 30. b4 cxb4 31. c5 Ra3 32. Qf2 b3 33. c6 d5 34. Qc5 Ra2 35. c7 Rc8 36. Ne7+ Kg7 37. Nxc8 b2 38. Nb6 b1=Q 39. Rxb1 Rxd2 40. c8=Q Ne6 41. Qe3 Ra2 42. Nd7 Qh6 43. Qg3 dxe4 44. Qxe5+ Kg6 45. Qf6# 1-0

[Event "*** Biggest EVER Titled Tuesday"]
[Site "Chess.com"]
[Date "2018.04.17"]
[Round "4"]
[White "GeorgMeier"]
[Black "Ellaijio_B"]
[Result "1-0"]
[WhiteElo "2785"]
[BlackElo "2549"]
[TimeControl "180+2"]
[EndTime "13:53:54 PDT"]
[Termination "GeorgMeier won on time"]

1. Nf3 c5 2. e4 e6 3. d4 cxd4 4. Nxd4 a6 5. Bd3 Bc5 6. Nb3 Be7 7. Qg4 g6 8. Qe2 d6 9. Be3 Nf6 10. N1d2 Nc6 11. a4 O-O 12. a5 d5 13. O-O e5 14. c3 Re8 15. Bb6 Qd7 16. Rad1 Qg4 17. f3 Qh4 18. Bf2 Qh6 19. Rfe1 Be6 20. Bc2 Rad8 21. Bb6 Rc8 22. Qf2 d4 23. cxd4 exd4 24. Bb1 Nd7 25. Bxd4 Nxd4 26. Nxd4 Bb4 27. Kh1 Bxa5 28.
Nxe6 Rxe6 29. Rf1 Bb6 30. Qg3 Bc7 31. f4 Nf6 32. e5 Nh5 33. Qf3 Rb6 34. b3 Qf8 35.
Nc4 Rb4 36. g4 Ng7 37. f5 b5 38. Nd6 Bxd6 39. exd6 Rd8 40. d7 Qe7 41. f6 Qe6 42. fxg7 Rxg4 43. Rfe1 Qc6 44. Qxc6 1-0

[Event "*** Biggest EVER Titled Tuesday"]
[Site "Chess.com"]
[Date "2018.04.17"]
[Round "4"]
[White "SloLev"]
[Black "Cocaino74"]
[Result "1/2-1/2"]
[WhiteElo "2378"]
[BlackElo "2141"]
[TimeControl "180+2"]
[EndTime "13:54:00 PDT"]
[Termination "Game drawn by agreement"]

1. e4 c5 2. c3 Nf6 3. e5 Nd5 4. d4 cxd4 5. Nf3 d6 6. cxd4 Nc6 7. Bc4 Nb6 8. Bb5 dxe5 9. Nxe5 Bd7 10. Nxd7 Qxd7 11. Be3 g6 12. O-O Bg7 13. Nc3 O-O 14. d5 Bxc3 15. dxc6 Qxd1 16. Rfxd1 bxc6 17. Bxc6 Bxb2 18.
Rab1 Rac8 19. Bd7 Nxd7 20. Rxd7 Rfd8 21. Rxa7 Rc1+ 22. Rxc1 Bxc1 23. Kf1 Bxe3 24. fxe3 Rd2 25. a4 e5 26. h3 Kg7 27. a5 h5 28. Ra6 Ra2 29.
Ra8 Kf6 30. a6 Kf5 31. Kg1 Ke4 32. a7 Kxe3 33. Re8 Rxa7 34. Rxe5+ Kf4 35. Re1 Ra2 36. Rf1+ Kg3 37. Rf3+ Kh4 38. Rxf7 g5 39. Rf2 Ra1+ 40. Kh2 Ra3 41. Rb2 g4 42. hxg4 hxg4 43. Rb4 Rc3 44.
Ra4 Rb3 45. Rc4 Ra3 46. Rb4 Rc3 47. Ra4 Re3 48. Rb4 1/2-1/2

[Event "*** Biggest EVER Titled Tuesday"]
[Site "Chess.com"]
[Date "2018.04.17"]
[Round "4"]
[White "WarlordX"]
[Black "DiogenesSinopeus"]
[Result "0-1"]
[WhiteElo "2275"]
[BlackElo "2422"]
[TimeControl "180+2"]
[EndTime "13:54:01 PDT"]
[Termination "DiogenesSinopeus won by resignation"]

1. Nf3 Nf6 2. d3 d5 3. g3 c5 4.
Bg2 Nc6 5. O-O e5 6. Nbd2 Bg4 7. h3 Bh5 8. e4 d4 9. a3 Nd7 10. Qe1 Be7 11. Nh2 f6 12. f4 O-O 13. g4 Bf7 14.
f5 b5 15. h4 c4 16. Qg3 c3 17. Ndf3 cxb2 18. Bxb2 b4 19. g5 bxa3 20. Bxa3 Bxa3 21.
Rxa3 Kh8 22. g6 Bg8 23. gxh7 Bxh7 24. Bh3 a5 25. Bg4 Qe7 26. Raa1 a4 27. Bh5 Rfb8 28. Qg4 Nf8 29. Bg6 a3 30. Qh5 a2 31. Bf7 Nb4 32.
Bb3 Rc8 33. Rf2 Ra7 34. Ng4 Qe8 35. Qxe8 Rxe8 36. h5 Bg8 37. h6 Bxb3 38. cxb3 Rc8 39. hxg7+ Kxg7 40. Ne1 Rc3 41. Rb2 Nd7 42. Kf2 Nc5 43. Ke2 Nxb3 44. Raxa2 Rxa2 45. Rxa2 Nxa2 46. Nf2 Nb4 47. Nd1 Rc1 48. Nf2 Ra1 49. Ng4 Ra2+ 50. Kf3 Nc2 51. Ng2 Ne3 52. N2xe3 dxe3 53. Kxe3 Nd4 0-1

[Event "*** Biggest EVER Titled Tuesday"]
[Site "Chess.com"]
[Date "2018.04.17"]
[Round "4"]
[White "SabinoBrunello"]
[Black "Bigfish1995"]
[Result "1-0"]
[WhiteElo "2738"]
[BlackElo "2765"]
[TimeControl "180+2"]
[EndTime "13:54:02 PDT"]
[Termination "SabinoBrunello won by resignation"]

1. c4 Nf6 2. b3 g6 3. Bb2 Bg7 4. Nf3 O-O 5. g3 d6 6. d4 c5 7. Bg2 Nc6 8. O-O cxd4 9. Nxd4 Bd7 10. Nc3 a6 11. Qd2 Rc8 12. Rfd1 Nxd4 13. Qxd4 b5 14. Bb7 Rb8 15. Bxa6 b4 16. Nd5 Bc6 17. Qh4 Bxd5 18. cxd5 Qa5 19. Bc4 Rfe8 20. a4 bxa3 21. Rxa3 Qc7 22.
Bd4 Rb7 23. Rda1 Nh5 24. Ra7 Bf6 25. Qe4 h6 26. Rxb7 Qxb7 27. Ra7 Qb4 28. Qe3 Bxd4 29. Qxd4 Nf6 30. Kg2 h5 31. h3 Kg7 32. g4 hxg4 33.
hxg4 Kg8 34. g5 Nh5 35. Ra1 f6 36. Qe4 Kg7 37. Ra7 Kf7 38. e3 Qc3 39. Bd3 f5 40.
Qe6+ Kf8 41. Be2 Qg7 42. Bxh5 gxh5 43. Qxf5+ Kg8 44. Qe6+ Kh8 45. f4 Qb2+ 46. Kf3 Qc2 47. Ra1 Kg7 48. Qh6+ Kg8 49. Qxh5 Rf8 50. Rh1 Rxf4+ 51.
Kxf4 Qf2+ 52. Qf3 Qb2 53. Kg4 1-0

[Event "*** Biggest EVER Titled Tuesday"]
[Site "Chess.com"]
[Date "2018.04.17"]
[Round "4"]
[White "SCIM"]
[Black "Th3ChessViking"]
[Result "1-0"]
[WhiteElo "2353"]
[BlackElo "2377"]
[TimeControl "180+2"]
[EndTime "13:54:03 PDT"]
[Termination "SCIM won by checkmate"]

1. d4 Nf6 2. c4 c5 3. d5 e5 4. Nc3 d6 5. e4 Nbd7 6. Nge2 Be7 7. Ng3 O-O 8. Be2 Ne8 9. O-O Bg5 10. a3 g6 11. b4 b6 12. Rb1 Bxc1 13.
Qxc1 Qh4 14. Qe3 f5 15. exf5 gxf5 16. f4 e4 17. b5 Rf6 18. Qf2 Rh6 19. h3 Ndf6 20.
Nd1 Rg6 21. Nxe4 Qxh3 22. Ng5 Qh6 23. Rb3 Qg7 24. Rh3 h6 25. Ne6 Bxe6 26. dxe6 Ne4 27. Qf3 N8f6 28. Ne3 Ng3 29. Qxa8+ Kh7 30. Rxg3 Rxg3 31.
Nxf5 Qg8 32. Qb7+ Kh8 33. Nxg3 Qxg3 34. Qf3 Qh2+ 35. Kxh2 Ng4+ 36. Qxg4 d5 37. cxd5 a5 38. d6 a4 39. d7 Kh7 40. e7 c4 41. f5 c3 42. f6 c2 43. f7 c1=Q 44. Bd3+ Kh8 45.
Rxc1 h5 46. Qg5 h4 47. Rc5 h3 48. gxh3 bxc5 49. b6 c4 50. Bc2 c3 51. Bb3 c2 52.
Bxa4 c1=Q 53. Qg8# 1-0

[Event "*** Biggest EVER Titled Tuesday"]
[Site "Chess.com"]
[Date "2018.04.17"]
[Round "4"]
[White "SilverCat1992"]
[Black "mjray79"]
[Result "1/2-1/2"]
[WhiteElo "2064"]
[BlackElo "1956"]
[TimeControl "180+2"]
[EndTime "13:54:04 PDT"]
[Termination "Game drawn by repetition"]

1. e4 c5 2. Nf3 d6 3. d4 cxd4 4. Nxd4 Nf6 5. Nc3 g6 6. Be3 Bg7 7.
f3 O-O 8. Qd2 Nc6 9. O-O-O d5 10. exd5 Nxd5 11. Nxc6 bxc6 12. Bd4 Bxd4 13. Qxd4 Qb6 14.
Na4 Qc7 15. Qc5 Rd8 16. Bc4 Be6 17. g4 Qf4+ 18. Kb1 Qxf3 19. g5 Qf5 20. h4 Rab8 21. Rdf1 Nc3+ 22. Kc1 Qxc5 23. Nxc5 Bxc4 24. bxc3 Bxf1 25.
Rxf1 Rb5 26. Nd3 Ra5 27. Kb2 Rb8+ 28. Ka1 c5 29. Re1 Rb7 30. Re5 Rab5 31. a4 Rb1+ 32.
Ka2 c4 33. Nb4 Rh1 34. Re4 Rc7 35. Nd5 Rd7 36. Ne3 Rh2 37. Ka3 Rc7 38. Kb4 f5 39.
Rd4 e5 40. Rd8+ Kg7 41. Nd5 Rb7+ 42. Kxc4 Rxh4+ 43. Kc5 e4 44. Nf6 f4 45. Nxe4 f3 46. Nd6 Rc7+ 47. Kd5 Re7 48. Ne8+ Kf7 49. Nd6+ Kg7 50.
Ne8+ Kf7 51. Nd6+ Kg7 52. Ne8+ Kf7 1/2-1/2

[Event "*** Biggest EVER Titled Tuesday"]
[Site "Chess.com"]
[Date "2018.04.17"]
[Round "4"]
[White "kikoveiga"]
[Black "Caterpiller35"]
[Result "1-0"]
[WhiteElo "2194"]
[BlackElo "2227"]
[TimeControl "180+2"]
[EndTime "13:54:06 PDT"]
[Termination "kikoveiga won by resignation"]

1. e4 c5 2. Nf3 g6 3. d4 cxd4 4. Nxd4 Bg7 5. Nc3 Nc6 6. Be3 Nf6 7. Bc4 O-O 8. Bb3 d6 9. f3 Bd7 10. Qd2 Qa5 11. O-O-O Rfc8 12. Kb1 Ne5 13. h4 Rxc3 14.
Qxc3 Qxc3 15. bxc3 Rc8 16. Kb2 b5 17. Ne2 a5 18. a3 Nc4+ 19. Bxc4 Rxc4 20. Bd4 h5 21. Ng3 Bc6 22. Nf1 b4 23. cxb4 axb4 24. Kb3 Bb5 25. Ne3 Rxd4 26. Rxd4 bxa3 27. c4 Bc6 28. Rd2 Nd7 29. Kxa3 Bh6 30. Re2 Ne5 31. Nd5 Nxc4+ 32. Kb4 Bxd5 33. exd5 Ne5 34. Ra1 Bf4 35. Kc3 Kg7 36. Ra7 Kf6 37. Kd4 g5 38. hxg5+ Bxg5 39. Ke4 Ng6 40. g3 h4 41. f4 Bh6 42. g4 Bxf4 43. Rf2 Kg5 44. Rxf4 Nxf4 45. Rxe7 h3 46. Rxf7 Ng6 47. Rf1 Kxg4 48. Rg1+ Kh5 49. Rg3 h2 50. Rh3+ Kg4 51. Rxh2 Ne5 52. Rg2+ Kh5 53. Rg8 Kh4 54. Rd8 Nc4 55. Kd4 Ne5 56. Rxd6 Nf3+ 57. Kc5 1-0

[Event "*** Biggest EVER Titled Tuesday"]
[Site "Chess.com"]
[Date "2018.04.17"]
[Round "4"]
[White "Karina_Oparina"]
[Black "Vusatiuk_Vladimir"]
[Result "1-0"]
[WhiteElo "2154"]
[BlackElo "2197"]
[TimeControl "180+2"]
[EndTime "13:54:08 PDT"]
[Termination "Karina_Oparina won by checkmate"]

1. d4 d5 2. c4 dxc4 3. Nf3 Nf6 4.
e3 e6 5. Bxc4 a6 6. a4 c5 7. O-O Nc6 8. Qe2 cxd4 9. Rd1 Qc7 10. exd4 Be7 11. Nc3 O-O 12. Ne5 b6 13. Bf4 Nxe5 14.
dxe5 Nd7 15. Rac1 Bb7 16. Bd3 Qb8 17. Bxh7+ Kxh7 18. Qh5+ Kg8 19. Rxd7 Bc5 20. Rd3 g6 21. Qh6 Bxg2 22. Kxg2 Qb7+ 23. Kg1 f6 24. Qxg6+ Qg7 25. Rg3 Qxg6 26. Rxg6+ Kh7 27. Rh6+ Kg7 28. exf6+ Rxf6 29. Rxf6 Kxf6 30. Ne4+ Kf5 31. Nxc5 bxc5 32. Be3 Rb8 33. Rxc5+ Ke4 34. Rc4+ Kf3 35. Rf4+ Ke2 36. h4 e5 37. Rg4 Rxb2 38. Kg2 Rb7 39. h5 e4 40. h6 Rh7 41.
Rxe4 Kd3 42. Re6 a5 43. Ra6 Ke4 44. Rxa5 Kd3 45. Rh5 Ke4 46. a5 Kd3 47. a6 Ke4 48. a7 Rxa7 49. Bxa7 Kf4 50. h7 Kg4 51. h8=Q Kf4 52.
Qd4# 1-0

[Event "*** Biggest EVER Titled Tuesday"]
[Site "Chess.com"]
[Date "2018.04.17"]
[Round "4"]
[White "metra93"]
[Black "djano"]
[Result "0-1"]
[WhiteElo "2307"]
[BlackElo "2449"]
[TimeControl "180+2"]
[EndTime "13:54:09 PDT"]
[Termination "djano won on time"]

1. d4 Nf6 2. c4 c5 3. d5 b5 4. Qc2 bxc4 5. e4 d6 6. Nf3 g6 7.
Nfd2 Bg7 8. Nxc4 O-O 9. Nc3 e6 10. Be2 exd5 11. exd5 Bf5 12. Qd1 Na6 13. Ne3 Bc8 14.
O-O Rb8 15. Nc4 Re8 16. Bf4 Bf8 17. Qd2 Ne4 18. Nxe4 Rxe4 19. Be3 Nc7 20. b3 Bg7 21. Rad1 Bb7 22. Bf3 Re8 23. Bf4 Nb5 24. a4 Nd4 25. Nxd6 Nxf3+ 26. gxf3 Re5 27. Bxe5 Bxe5 28. Nc4 Bd4 29. Ne3 Bxd5 30. Nxd5 Qxd5 31. Rfe1 Rxb3 32. Qh6 Rb8 33. Rd2 Qxf3 34. Rde2 Rf8 35. h3 c4 36. Qh4 Bf6 37. Qxc4 Qxh3 38. Re8 Bg7 39. Rxf8+ Bxf8 40. Re8 Qd7 41. Rc8 Kg7 42. Qc3+ Kg8 43. Qc4 Kg7 0-1

[Event "*** Biggest EVER Titled Tuesday"]
[Site "Chess.com"]
[Date "2018.04.17"]
[Round "4"]
[White "IMRosen"]
[Black "Buffy7"]
[Result "0-1"]
[WhiteElo "2385"]
[BlackElo "2736"]
[TimeControl "180+2"]
[EndTime "13:54:10 PDT"]
[Termination "Buffy7 won by resignation"]

1. d4 Nf6 2. Bf4 c5 3. e3 Qb6 4. Na3 d6 5. Nc4 Qc6 6. Nf3 Be6 7. c3 Nbd7 8. a4 a6 9. h3 Bxc4 10. Bxc4 cxd4 11. Qb3 d5 12. Bd3 Nc5 13. Qd1 dxc3 14.
bxc3 e6 15. Ne5 Qc8 16. O-O Be7 17. Bc2 O-O 18. a5 Rd8 19. Rb1 Nce4 20. Bxe4 Nxe4 21. Qh5 g6 22. Qe2 Nxc3 23. Qf3 Nxb1 24. Rxb1 f6 25. Ng4 e5 26. Bg3 Rd6 27. Qe2 Qc4 28. Qb2 Rc8 29.
Qxb7 Qc7 30. Qb3 Qc4 31. Qb7 Rc7 32. Qb8+ Rd8 33. Qb6 Rd6 34. Qb8+ Kg7 35. Qe8 Rd8 36. Nxf6 Bxf6 37. Qe6 Re7 38. Qb6 Qc7 39. Qxa6 Rb8 40. Ra1 Qa7 41. Qd3 Qc5 42. Rd1 Qxa5 43. h4 Rd8 44. h5 gxh5 45. Qe2 Qa4 46. Qxh5 Qe4 47. Rc1 Qg6 48. Qh3 d4 49. exd4 exd4 50. Rc4 d3 51.
Rg4 d2 52. Rxg6+ hxg6 53. Bf4 d1=Q+ 54. Kh2 Rh8 0-1

[Event "*** Biggest EVER Titled Tuesday"]
[Site "Chess.com"]
[Date "2018.04.17"]
[Round "4"]
[White "kirillshevchenko"]
[Black "itisabigworld"]
[Result "1-0"]
[WhiteElo "2327"]
[BlackElo "2261"]
[TimeControl "180+2"]
[EndTime "13:54:11 PDT"]
[Termination "kirillshevchenko won by resignation"]

1. e4 c5 2. Nf3 e6 3. d4 cxd4 4. Nxd4 Nc6 5. Nc3 a6 6. Nxc6 bxc6 7. Bd3 d5 8. O-O Nf6 9. Qf3 Be7 10. e5 Nd7 11. Qg3 Kf8 12. Na4 h5 13. h3 Qa5 14.
b3 Bb7 15. c4 g6 16. f4 h4 17.
Qe1 Bb4 18. Ba3 c5 19. Bxb4 cxb4 20. a3 dxc4 21. Bxc4 Kg7 22. axb4 Qc7 23. Rc1 Rac8 24. Qe2 Qb8 25. Rcd1 Rhd8 26. Rd6 Nf8 27. Nc5 Rxd6 28. exd6 Rd8 29. Qe5+ f6 30. Nxe6+ Nxe6 31. Qxe6 Rxd6 32. Qf7+ Kh8 33. Qxg6 Qf8 34. Qh5+ Kg7 35. Qg4+ Kh7 36. Qxh4+ Qh6 37. Qxh6+ Kxh6 38. Re1 Rd2 39. Re2 Rd4 40.
g3 Rd1+ 41. Kf2 Rh1 42. h4 Kg6 43. Bd3+ Kh5 44. Bf5 Rh2+ 45. Ke1 Rh1+ 46. Kd2 Rg1 47. Re7 Rg2+ 48. Kc1 Rg1+ 49. Kb2 Rg2+ 50. Ka3 Rxg3 1-0

[Event "*** Biggest EVER Titled Tuesday"]
[Site "Chess.com"]
[Date "2018.04.17"]
[Round "4"]
[White "wadsy27"]
[Black "PawnEatingZombie"]
[Result "1/2-1/2"]
[WhiteElo "2128"]
[BlackElo "2004"]
[TimeControl "180+2"]
[EndTime "13:54:11 PDT"]
[Termination "Game drawn - insufficient material"]

1. g3 d5 2. Nf3 Nf6 3. Bg2 e6 4. c4 Be7 5. O-O O-O 6. b3 d4 7. e3 c5 8. exd4 cxd4 9. Bb2 Nc6 10. Re1 Ne8 11. Ne5 Nxe5 12. Rxe5 f6 13. Re1 e5 14. d3 Bc5 15. Qd2 Qd6 16. a3 a5 17. Qe2 Nc7 18. Nd2 Rb8 19. Ne4 Qe7 20. Nxc5 Qxc5 21. b4 Qd6 22. c5 Qe6 23. f4 exf4 24. gxf4 Qxe2 25. Rxe2 Bf5 26. Bxd4 Rfd8 27. Bf2 Bxd3 28. Re7 Nd5 29. Bxd5+ Rxd5 30. Rd1 axb4 31. axb4 Bc4 32. Rde1 Bb5 33.
Bg3 Rd7 34. f5 Rbd8 35. Bd6 Rxe7 36. Rxe7 Bc6 37. b5 Bxb5 38. Rxb7 Bc6 39. Rc7 Be4 40. Be7 Re8 41. c6 Bxf5 42. Bc5 Rc8 43. Rxc8+ Bxc8 44.
Kf2 Kf7 45. c7 Ke6 46. Be3 g5 47. Kg3 Kf5 48. h4 h6 49. hxg5 hxg5 50. Bd4 Kg6 51. Bb2 f5 52. Bc1 Kf6 53. Bb2+ Ke6 54. Bc1 f4+ 55.
Bxf4 gxf4+ 56. Kxf4 Kd7 57. Ke4 Kxc7 1/2-1/2

[Event "*** Biggest EVER Titled Tuesday"]
[Site "Chess.com"]
[Date "2018.04.17"]
[Round "4"]
[White "MateusViageiro"]
[Black "WinnerOleg"]
[Result "0-1"]
[WhiteElo "2220"]
[BlackElo "2333"]
[TimeControl "180+2"]
[EndTime "13:54:13 PDT"]
[Termination "WinnerOleg won by resignation"]

1. e4 e6 2. d4 d5 3. Nd2 dxe4 4. Nxe4 Nd7 5. Nf3 Ngf6 6. Bd3 Nxe4 7. Bxe4 Nf6 8. Bg5 h6 9. Bxf6 Qxf6 10. Bd3 Bd6 11.
Qe2 O-O 12. O-O-O b6 13. Kb1 Bb7 14. Be4 Bxe4 15. Qxe4 c5 16. g4 cxd4 17. Rxd4 Bc5 18. Rd2 Rad8 19. Re2 Rd5 20. g5 hxg5 21. h4 gxh4 22.
Nxh4 Rfd8 23. Ree1 Bxf2 24. Rc1 Rd4 25. Qb7 Rb4 26.
c3 Rxh4 27. Qxa7 Qf5+ 28. Ka1 Qc2 29. Rhf1 Qe2 30. Qe7 Rd2 31. Qe8+ Kh7 32. Qxf7 Rxb2 33.
Qa7 Rh2 34. Rh1 Be3 35. Rxh2+ Qxh2 36. Rh1 Qxh1+ 37. Kxb2 Qc1+ 38. Kb3 Qb1+ 39. Ka3 Bc1+ 40. Ka4 Qxa2+ 41. Kb5 Qxa7 42. Kc4 g5 0-1

[Event "*** Biggest EVER Titled Tuesday"]
[Site "Chess.com"]
[Date "2018.04.17"]
[Round "4"]
[White "Anar_Aliakbarov"]
[Black "ABDELAZEEZ-M"]
[Result "0-1"]
[WhiteElo "2382"]
[BlackElo "2296"]
[TimeControl "180+2"]
[EndTime "13:54:14 PDT"]
[Termination "ABDELAZEEZ-M won on time"]

1. d4 d5 2. c4 c6 3. Nf3 Nf6 4. e3 Bg4 5. Qb3 Qb6 6. Ne5 e6 7. Nxg4 Nxg4 8. c5 Qc7 9. Qd1 f5 10. Be2 Nf6 11. Nc3 Nbd7 12. b4 e5 13. b5 exd4 14.
exd4 Be7 15. g3 O-O 16. O-O Ne4 17. Nxe4 fxe4 18. Bf4 Rxf4 19. gxf4 Qxf4 20. bxc6 bxc6 21. Kh1 Rf8 22. f3 Nf6 23. fxe4 Qxe4+ 24. Bf3 Qh4 25.
Qe1 Qxd4 26. Qxe7 Re8 27. Qc7 Ne4 28. Qf4 Rf8 29. Qg4 Nf2+ 30. Rxf2 Qxf2 31. Bg2 Qxc5 32. Qe6+ Kh8 33. Re1 h6 34. h3 Qf2 35. Re2 Qf4 36. Qxc6 d4 37. Re8 d3 38. Qe4 Qc1+ 39. Kh2 Qc7+ 40. Kh1 Qc1+ 41. Kh2 Qc7+ 42. Kh1 Qc1+ 43. Qe1 Qf4 44. Rxf8+ Qxf8 45. Qd2 Qf5 46. Kg1 Qc5+ 47. Kf1 Qf5+ 48. Ke1 Qe5+ 49. Kf2 Qd4+ 0-1

[Event "*** Biggest EVER Titled Tuesday"]
[Site "Chess.com"]
[Date "2018.04.17"]
[Round "4"]
[White "AlexTriapishko"]
[Black "PchelkinVK"]
[Result "1-0"]
[WhiteElo "2691"]
[BlackElo "2424"]
[TimeControl "180+2"]
[EndTime "13:54:14 PDT"]
[Termination "AlexTriapishko won by resignation"]

1. e4 e6 2. d4 d5 3. Bd3 c5 4. exd5 Qxd5 5. Nc3 Qxd4 6. Nb5 Qd8 7.
Bf4 Na6 8. Nh3 Nf6 9. Qe2 Nd5 10. Bg3 Be7 11. O-O-O Qa5 12. a3 O-O 13. c4 Nf6 14. Ng5 h6 15. h4 Rd8 16. Be5 Bd7 17. Nd6 Bxd6 18. Bxd6 Ba4 19. Bc2 Bxc2 20. Qxc2 Qb6 21.
Be7 Rxd1+ 22. Qxd1 Qc7 23. Bd6 Qc6 24. Be5 hxg5 25.
hxg5 Ne8 26. Qh5 Kf8 27. Rh3 Nac7 28. Rf3 Qd7 29. Rf6 Rd8 30. Rh6 Qd2+ 31. Kb1 Qd1+ 32. Ka2 gxh6 33. Qxh6+ Ke7 34. g6 fxg6 35. Qh7+ Kf8 36.
Qh8+ Ke7 37. Qh7+ Ng7 38. Qxg7+ Ke8 39. Bf6 Nd5 40. Qg8+ Kd7 41. Qxd8+ Kc6 42. cxd5+ Qxd5+ 1-0

[Event "*** Biggest EVER Titled Tuesday"]
[Site "Chess.com"]
[Date "2018.04.17"]
[Round "4"]
[White "goldenspine"]
[Black "catalin009"]
[Result "0-1"]
[WhiteElo "2265"]
[BlackElo "2417"]
[TimeControl "180+2"]
[EndTime "13:54:24 PDT"]
[Termination "catalin009 won by checkmate"]

1. e4 c5 2. Nf3 Nc6 3. d3 g6 4. g3 Bg7 5. Bg2 d6 6. O-O e5 7. Be3 Nge7 8. a4 O-O 9. h4 h6 10.
Nbd2 Be6 11. Nc4 f5 12. Re1 fxe4 13. Nfd2 d5 14. Bxc5 dxc4 15. dxc4 Nd4 16. Nxe4 Bxc4 17. c3 Ndc6 18. Nd6 Be6 19. b4 Qc7 20. Nb5 Qd8 21. Qe2 a6 22. Rad1 Qc8 23. Nd6 Qc7 24. a5 Nxa5 25.
Qe3 Nac6 26. Bb6 Qb8 27. Ne4 Qe8 28. Nc5 Bc4 29. Nxb7 Qf7 30. Nd6 Qe6 31. Nxc4 Qxc4 32. Rd7 Kh7 33. Bc5 Qe6 34. Red1 Nf5 35. Qe4 Nce7 36.
g4 Nxh4 37. Rxe7 Qf6 38. Rxg7+ Qxg7 39. Bxf8 Rxf8 40. Qb7 Rf7 41. Qxa6 Nxg2 42. Kxg2 e4 43. Qb5 Qxc3 44. Qd5 Qf3+ 45. Kg1 Qxf2+ 46. Kh1 Qf3+ 47. Kg1 Qxg4+ 48. Kh1 Qf3+ 49. Kg1 Qf2+ 50. Kh1 Qf3+ 51. Kg1 h5 52. Qg5 e3 53. Rd6 Qf2+ 54. Kh1 Qf1+ 55.
Kh2 Rf2+ 56. Kg3 Qg2+ 57. Kh4 Qh2# 0-1